 Dungeon Crawl Stone Soup version 0.25-a0-665-ga69d64035b (webtiles) character file.

Game seed: 2733775261566755711, levelgen mode: deterministic

3422 Esekla the Stinger (level 10, -25/62 (63) HPs)
             Began as an Octopode Venom Mage on Mar 27, 2020.
             Was a Believer of Vehumet.
             Killed by the air
             ... invoked by Gastronok
              (59 damage)
             ... on level 8 of the Dungeon.
             The game lasted 01:07:13 (7715 turns).

Esekla the Stinger (Octopode Venom Mage)            Turns: 7715, Time: 01:07:13

HP:   -25/62 (63)   AC:  2    Str: 15    XL:     10   Next: 5%
MP:   5/18          EV: 16    Int: 18    God:    Vehumet [**....]
Gold: 457           SH:  2    Dex: 17    Spells: 10/20 levels left

rFire    + + .     SeeInvis .   K - -1 long sword (curse)
rCold    + + .     Gourm    .   (no shield)
rNeg     + . .     Faith    .   F - +1 hat
rPois    +         Spirit   .   j - +2 amulet of reflection
rElec    .         Reflect  +   m - ring of positive energy
rCorr    .         Harm     .   s - ring of protection from cold
MR       .....                  x - ring "Comam" {rC+ Str+3 Dex+4}
Stlth    ++++......             D - ring of protection from fire
HPRegen  0.20/turn              f - ring of protection from fire
MPRegen  0.16/turn              r - ring of Ilunk {*Corrode +Fly rPois Str+2}
                                (no ring)
                                (no ring)

@: flying
A: almost no armour, stealthy swim, amphibious, 8 rings, constrict 8, camouflage
1, gelatinous body 1
a: Renounce Religion


You were on level 8 of the Dungeon.
You worshipped Vehumet.
Vehumet was pleased with you.
You were not hungry.

You visited 2 branches of the dungeon, and saw 9 of its levels.
You also visited: Sewer.

You collected 457 gold pieces.

Inventory:

Hand Weapons
 d - a +3 dagger
 e - a +1 long sword of electrocution
 p - a +1 long sword of protection
 v - a +2 dagger of venom
 K - a cursed -1 long sword (weapon)
Missiles
 u - 6 poisoned darts (quivered)
 E - 8 javelins
Armour
 h - a +0 buckler
 F - a +1 hat (worn)
Jewellery
 f - a ring of protection from fire (on tentacle)
 j - a +2 amulet of reflection (around mantle)
 m - a ring of positive energy (left tentacle)
 r - the ring of Ilunk (on tentacle) {*Corrode +Fly rPois Str+2}
   (You found it on level 8 of the Dungeon)

   [ring of flight]

   It affects your strength (+2).
   It protects you from poison.
   It lets you fly.
   It may corrode you when you take damage.
 s - a ring of protection from cold (right tentacle)
 x - the ring "Comam" (on tentacle) {rC+ Str+3 Dex+4}
   (You found it on level 4 of the Dungeon)

   [ring of protection from cold]

   It affects your strength (+3).
   It affects your dexterity (+4).
   It protects you from cold.
 A - an uncursed ring of ice
 B - an uncursed ring of ice
 D - a ring of protection from fire (on tentacle)
Scrolls
 g - 4 scrolls of remove curse
 k - 2 scrolls of enchant weapon
 l - a scroll of amnesia
 o - 5 scrolls of teleportation
 y - 3 scrolls of enchant armour
 z - a scroll of fog
 G - a scroll of immolation {unknown}
 I - a scroll of magic mapping {unknown}
 J - a scroll of blinking {unknown}
Potions
 a - 13 potions of curing
 c - a potion of haste {unknown}
 i - 4 potions of lignification
 n - 2 potions of flight
 q - a potion of cancellation {unknown}
 t - 2 potions of might
 w - 2 potions of heal wounds {unknown}
 C - a potion of mutation {unknown}
 H - 2 potions of brilliance {unknown}
Comestibles
 b - 8 rations


   Skills:
 * Level 4.0 Fighting
 + Level 1.2(3.3) Short Blades
 * Level 5.0(5.1) Long Blades
 * Level 5.3 Dodging
 - Level 6.0 Stealth
 * Level 3.0 Shields
 * Level 5.6 Spellcasting
 * Level 4.7 Conjurations
   Level 1.0 Transmutations
 + Level 4.2 Air Magic
 + Level 6.1 Poison Magic


You had 10 spell levels left.
You knew the following spells:

 Your Spells              Type           Power        Failure   Level  Hunger
c - Mephitic Cloud        Conj/Pois/Air  ###.....     4%          3    ##.....
d - Magic Dart            Conj           ###.         1%          1    None
v - Poisonous Vapours     Pois/Air       ###...       2%          2    None
x - Olgreb's Toxic Radia  Pois           ####....     10%         4    ####...

Your spell library contained the following spells:

 Spells                   Type           Power        Failure   Level  Hunger
 Freeze                   Ice            #...         13%         1    None
 Sting                    Tmut/Pois      ###.         3%          1    None
 Ignite Poison            Fire/Tmut/Pois ##......     14%         3    ##.....
 Confusing Touch          Hex            #.......     36%         3    ##.....
 Gell's Gravitas          Tloc           #.........   36%         3    ##.....
 Petrify                  Tmut/Erth      #.......     69%         4    ####...
 Yara's Violent Unravell  Hex/Tmut       #.........   95%         5    #####..
 Metabolic Englaciation   Hex/Ice        #.........   98%         5    #####..


Dungeon Overview and Level Annotations

Branches:
Dungeon (8/15)             Temple (1/1) D:6           Sewer (visited)
   Lair: D:8-11

Altars:
Dithmenos
Elyvilon
Nemelex Xobeh
Okawaru
Trog
Uskayaw
Vehumet
Zin

Shops:
D:7 (

Annotations:
D:8 Gastronok


Innate Abilities, Weirdness & Mutations

You cannot wear most types of armour.
You are very stealthy in the water. (Stealth+)
You are amphibious.
You can wear up to eight rings at the same time.
You can use your tentacles to constrict eight enemies at once.
Your skin changes colour to match your surroundings (Stealth+).
Your rubbery body absorbs attacks. (AC +1, EV +1)


Message History

You slash Gastronok!
Gastronok is moderately wounded.
The bat is engulfed in noxious fumes.
The bat appears confused.
The bat flutters around in erratic circles.
It was a potion of flight.
You feel very buoyant.
You fly up into the air.
The bat is engulfed in noxious fumes.
The bat appears confused.
The bat is engulfed in noxious fumes.
The bat appears confused.
Gastronok is engulfed in noxious fumes.
Gastronok chants a spell, wobbling all the while.
Okay, then.
The bat closely misses the rat.
The bat barely misses itself.
The bat completely misses the rat.
Gastronok chants a spell, wobbling all the while.
Gastronok puts on a burst of speed!
The quokka bites Gastronok.
Gastronok waves his eye-stalks in wide circles.
The air twists around and violently strikes you in flight!!!
Ouch! That really hurt!
You die...

#.........#......<............##
#.........#..........##.......##
#.........#..........##>......##
#.........#.....................
##.........#....##....##.......##
..###...(.########....##.......##
....#.....#......#..............#
....#....(#......#..............#
....#.....#.....@'............>.#
....#.....#......#....###########
....#....rw......#....##.......##
....#.....#......#....#..........
.w..#.....#......#....#........##
###'#.....#.##..###...##.......##
##......###.########+###.......##
.#......#.............##.......##
.+..<...#........................


You could see Gastronok and a quokka (confused).

Vanquished Creatures
  Grinder (D:3)
  Eustachio (D:6)
  A water moccasin (D:8)
  Duvessa (D:5)
  A black bear (D:7)
  A hornet zombie (D:6)
  A sky beast (D:7)
  A necrophage (D:7)
  2 ogres (D:4)
  2 phantoms
  2 centaurs
  2 big kobolds (Sewer)
  3 bullfrogs
  Dowan (D:5)
  A scorpion (D:4)
  3 killer bees (D:8)
  A howler monkey (D:6)
  5 crimson imps
  2 jellies
  A quasit (D:6)
  4 bullfrog skeletons
  A centaur skeleton (D:7)
  7 orc priests
  3 hounds
  2 iguanas
  6 orc wizards
  8 worker ants
  A hound zombie (D:8)
  8 gnolls
  7 adders
  A shadow imp (D:5)
  3 oozes
  An adder zombie (D:6)
  An adder skeleton (D:4)
  4 worms
  A dart slug (D:2)
  7 leopard geckos
  25 orcs
  10 bats
  11 giant cockroaches
  4 goblins
  5 hobgoblins
  5 jackals
  20 kobolds
  8 quokkas
  2 ball pythons
  7 frilled lizards
  A jackal skeleton (D:4)
  A leopard gecko skeleton (D:4)
  A quokka zombie (D:7)
  14 rats
212 creatures vanquished.

Vanquished Creatures (collateral kills)
  A killer bee (D:8)
1 creature vanquished.

Grand Total: 213 creatures vanquished

Notes
Turn   | Place    | Note
-------+----------+-------------------------------------------
     0 | D:1      | Esekla the Octopode Venom Mage began the quest for the Orb.
     0 | D:1      | Reached XP level 1. HP: 11/11 MP: 3/3
   387 | D:1      | Reached XP level 2. HP: 18/18 MP: 5/5
   394 | D:1      | Learned a level 2 spell: Poisonous Vapours
   836 | D:2      | Found an iron altar of Okawaru.
   937 | D:2      | Reached XP level 3. HP: 20/22 MP: 3/6
   942 | D:2      | Learned a level 3 spell: Mephitic Cloud
   964 | D:2      | Reached skill level 1 in Fighting
  1571 | D:3      | Reached XP level 4. HP: 27/28 MP: 1/8
  1726 | D:3      | Reached skill level 1 in Conjurations
  1726 | D:3      | Reached XP level 5. HP: 18/33 MP: 3/9
  1769 | D:3      | Noticed Grinder
  2206 | D:3      | Paralysed by Grinder for 4 turns
  2214 | D:3      | Killed Grinder
  2214 | D:3      | Reached skill level 1 in Long Blades
  2214 | D:3      | Reached skill level 1 in Air Magic
  2214 | D:3      | Reached XP level 6. HP: 29/39 MP: 10/10
  2514 | D:4      | Found a glowing drain.
  2523 | D:4      | Reached XP level 7. HP: 35/45 MP: 7/12
  2587 | Sewer    | Entered a sewer
  2721 | Sewer    | Reached skill level 5 in Poison Magic
  3040 | D:4      | Got a crude bronze ring
  3341 | D:3      | Identified the ring "Comam" {rC+ Str+3 Dex+4} (You found it
                  | on level 4 of the Dungeon)
  3423 | D:4      | Reached XP level 8. HP: 51/51 MP: 8/13
  3455 | D:4      | Found a radiant altar of Vehumet.
  3591 | D:4      | Became a worshipper of Vehumet
  4022 | D:5      | Entered Level 5 of the Dungeon
  4281 | D:5      | Noticed Dowan
  4282 | D:5      | Noticed Duvessa
  4292 | D:5      | Killed Dowan
  4297 | D:5      | Killed Duvessa
  4297 | D:5      | Reached skill level 1 in Shields
  4532 | D:5      | Found a hide-covered altar of Uskayaw.
  4791 | D:5      | Reached skill level 5 in Stealth
  4911 | D:5      | Reached XP level 9. HP: 52/57 MP: 10/16
  4929 | D:5      | Reached * piety under Vehumet
  4929 | D:5      | Offered knowledge of Magic Dart by Vehumet.
  4934 | D:5      | Learned a level 1 spell: Magic Dart
  5043 | D:6      | Noticed Eustachio
  5109 | D:6      | Found a sparkling altar of Nemelex Xobeh.
  5133 | D:6      | Reached skill level 1 in Short Blades
  5232 | D:6      | Found a staircase to the Ecumenical Temple.
  5279 | Temple   | Entered the Ecumenical Temple
  5854 | D:6      | Reached skill level 5 in Spellcasting
  5857 | D:6      | Found a shadowy altar of Dithmenos.
  5875 | D:6      | Noticed a moth of wrath
  5904 | D:6      | Killed Eustachio
  6067 | D:6      | Found a bloodstained altar of Trog.
  6434 | D:7      | Found Ralu's Antique Weapon Boutique.
  6588 | D:7      | Reached ** piety under Vehumet
  6738 | D:7      | Offered knowledge of Freeze by Vehumet.
  7006 | D:8      | Got a slimy silver ring
  7007 | D:8      | Identified the ring of Ilunk {*Corrode +Fly rPois Str+2}
                  | (You found it on level 8 of the Dungeon)
  7055 | D:8      | Noticed Gastronok
  7130 | D:8      | Reached skill level 5 in Dodging
  7203 | D:8      | Reached skill level 5 in Long Blades
  7203 | D:8      | Reached XP level 10. HP: 51/62 MP: 15/18
  7219 | D:8      | Learned a level 4 spell: Olgreb's Toxic Radiance
  7715 | D:8      | Killed from afar by Gastronok

Levels and vault maps discovered:
D:1:      dpeg_arrival_fog, layout_loops_ring, serial_forest,
          infiniplex_forest_straight_1, infiniplex_forest_clump_large,
          infiniplex_forest_clump_small, infiniplex_forest_corner_2
D:2:      layout_rooms, lemuel_coloured_pillars_altar
D:3:      layout_basic, minmay_statues_item, uniq_grinder
D:4:      layout_cave_pods, lemuel_round_altar, gup_sewer_entry_pipe,
          serial_park, serial_park_square3 [serial_park_minivault_5x5_7],
          first_ration, kennysheep_generic_room_3
D:5:      layout_loops_ring, marbit_many_paths, uniq_duvessa
D:6:      layout_basic, nicolae_overflow_crystal_walls, lemuel_crystal_altar,
          minmay_temple_entry_metal_lava, tgw_trog, uniq_eustachio
D:7:      layout_cave_pools, serial_shops, shop
D:8:      layout_gridville, serial_glass, glass_columns_c, glass_columns_b,
          uniq_gastronok
Temple:   nicolae_temple_great_sept

Skill      XL: |  1  2  3  4  5  6  7  8  9 10 |
---------------+-------------------------------+-----
Poison Magic   | 4 5 6 |  6.1
Fighting       | 1 2 3 4 |  4.0
Conjurations   | 1 2 3 4 |  4.7
Spellcasting   | 3 4 5 |  5.6
Stealth        | 3 4 5 6 |  6.0
Long Blades    | 1 3 5 |  5.0
Air Magic      | 1 2 3 4 |  4.2
Dodging        | 3 4 5 |  5.3
Shields        | 1 2 3 |  3.0
Short Blades   | 1 |  1.2
Transmutations | |  1.0

Action                   |  1- 3 |  4- 6 |  7- 9 | 10-12 || total
-------------------------+-------+-------+-------+-------++-------
Melee: Unarmed           |    12 |       |       |       ||    12
       Constrict         |    10 |    12 |    53 |     1 ||    76
       Tentacles         |     5 |    14 |    36 |     1 ||    56
       Dagger            |    16 |       |    62 |       ||    78
       Long sword        |    11 |    62 |   131 |     9 ||   213
Throw: Dart              |       |       |     2 |     2 ||     4
 Cast: Sting             |     4 |       |       |       ||     4
       Poisonous Vapours |    18 |    20 |    67 |     7 ||   112
       Mephitic Cloud    |       |       |     7 |     3 ||    10
       Magic Dart        |       |       |     4 |       ||     4
  Use: Scroll            |     1 |       |     4 |     4 ||     9
       Potion            |       |       |       |     1 ||     1
 Stab: Sleeping          |     4 |     4 |    30 |     1 ||    39
       Distracted        |       |     1 |       |       ||     1
       Confused          |       |       |     4 |       ||     4
  Eat: Chunk             |     3 |     3 |    10 |       ||    16
       Ration            |       |       |     2 |     1 ||     3
Armor: Skin              |     4 |     3 |     8 |     1 ||    16
Dodge: Dodged            |    24 |    17 |   100 |     2 ||   143
Block: Other             |       |       |     7 |       ||     7
       Rpst.: Long sword |     2 |     5 |    29 |     1 ||    37

Table legend:
 A = Non-vault XP
 B = Vault XP
 C = Vault XP percentage of total XP
 D = Non-vault monster count
 E = Vault monster count
 F = Vault count percentage of total count
                 A         B        C        D         E       F
            +---------+---------+-------+---------+---------+-------
      Total |    3964 |     925 |  18.9 |     171 |      42 |  19.7
            +---------+---------+-------+---------+---------+-------
        D:1 |      23 |       0 |   0.0 |      14 |       0 |   0.0
        D:2 |      42 |       0 |   0.0 |      11 |       0 |   0.0
        D:3 |     172 |     267 |  60.8 |      38 |       1 |   2.6
        D:4 |     822 |      22 |   2.6 |      30 |       9 |  23.1
        D:5 |     691 |     196 |  22.1 |      26 |       2 |   7.1
        D:6 |     663 |     210 |  24.1 |      17 |       6 |  26.1
        D:7 |     758 |       0 |   0.0 |      20 |       0 |   0.0
        D:8 |     793 |       0 |   0.0 |      15 |       0 |   0.0
      Sewer |       0 |     230 | 100.0 |       0 |      24 | 100.0
            +---------+---------+-------+---------+---------+-------
